 Dungeon Crawl Stone Soup version 0.14-a0-932-g154aeca (webtiles) character file.

853 Malachi the Chucker (level 7, -2/67 HPs)
             Began as an Ogre Hunter on Nov 18, 2013.
             Was an Initiate of Okawaru.
             Slain by an orc
             ... wielding a -1,+1 orcish flail
              (8 damage)
             ... on Level 4 of the Dungeon.
             The game lasted 00:06:02 (3742 turns).

Malachi the Chucker (Ogre Hunter)                   Turns: 3742, Time: 00:06:02

HP  -2/67        AC  4     Str 20      XL: 7   Next: 65%
MP   6/6         EV 11     Int 10      God: Okawaru [......]
Gold 155         SH  0     Dex 10      Spells:  0 memorised,  6 levels left

Res.Fire  : . . .   See Invis. : .   t - +1,+3 orc morningstar
Res.Cold  : . . .   Warding    : .   F - +1 elf robe {rN+}
Life Prot.: + . .   Conserve   : .   (shield restricted)
Res.Poison: .       Res.Corr.  : .   (helmet restricted)
Res.Elec. : .       Clarity    : .   (no cloak)
Sust.Abil.: . .     Spirit.Shd : .   (gloves unavailable)
Res.Mut.  : .       Stasis     : .   (boots unavailable)
Res.Rott. : .       Flight     : .   (no amulet)
Saprovore : + . .                    (no ring)
                                     (no ring)

@: quite poisoned, slightly resistant to hostile enchantments, unstealthy
A: unfitting armour, fast metabolism 1, saprovore 1, tough skin 1
a: Renounce Religion


You were on level 4 of the Dungeon.
You worshipped Okawaru.
Okawaru was noncommittal.
You were not hungry.

You visited 2 branches of the dungeon, and saw 5 of its levels.

You collected 155 gold pieces.

Inventory:

Hand weapons
 b - a +1,+0 whip of flaming
 t - a +1,+3 orcish morningstar (weapon)
 v - a +0,+0 flail
Missiles
 c - a throwing net (quivered)
Armour
 d - a +0 animal skin
 F - a +1 elven robe of positive energy (worn)
Magical devices
 r - a wand of polymorph (14)
 z - a wand of flame (11)
Comestibles
 a - a rotting chunk of giant cockroach flesh
 f - 3 meat rations
 i - a pear
 p - 3 chokos
 u - 2 bread rations
 A - a cheese
 H - a chunk of adder flesh
Scrolls
 e - a scroll of enchant weapon I {unknown}
 h - 5 scrolls of identify {unknown}
 j - a scroll of teleportation {unknown}
 k - 3 scrolls of enchant armour {unknown}
 n - a scroll of noise {unknown}
 o - 3 scrolls of remove curse {unknown}
 q - 2 scrolls of amnesia {unknown}
 s - a scroll of blinking {unknown}
 y - a scroll of magic mapping {unknown}
Potions
 g - 2 potions of curing
 l - 2 potions of restore abilities {unknown}
 m - a potion of heal wounds {unknown}
 w - a potion of poison
 x - a potion of brilliance {unknown}
 B - a potion of berserk rage {unknown}
 C - a potion of might {unknown}
 E - a potion of speed {unknown}


   Skills:
 + Level 4.2 Fighting
 + Level 4.8 Maces & Flails
 + Level 5.9 Throwing
 + Level 5.4 Dodging
 - Level 0.7 Stealth
 + Level 0.5 Evocations


You had 6 spell levels left.
You didn't know any spells.

Dungeon Overview and Level Annotations

Branches:
Dungeon (4/16)             Temple (1/1) D:4

Altars:
Cheibriados
Elyvilon
Fedhas
Kikubaaqudgha
Nemelex Xobeh
Okawaru
Sif Muna
Trog
Vehumet
Xom
Yredelemnul
Zin


Innate Abilities, Weirdness & Mutations

You are too large for most types of armour.
You have a fast metabolism.
You can tolerate rotten meat.
You have tough skin (AC +1).


Message History

The orc wizard is heavily wounded.
The worker ant bites you!
* * * LOW HITPOINT WARNING * * *
The orc wizard hits you with an orcish dagger.
* * * LOW HITPOINT WARNING * * *
The freed slave closely misses the worker ant.
The orc barely misses you. The orc hits you.
* * * LOW HITPOINT WARNING * * *
A jelly comes into view.
Drink which item? (? for menu, Esc to quit)
That liquid tasted very nasty...
You are poisoned.
It was a potion of poison.
* * * LOW HITPOINT WARNING * * *
You feel sick.
The jelly quivers.
The worker ant closely misses you.
The orc wizard hits you but does no damage.
The freed slave barely misses the worker ant.
The orc hits you with an orcish flail!
You die...

..........................
..........................
...........................
................(.(........
................(...≈≈≈....
...................≈≈≈≈≈..
.................).≈≈≈≈≈..
..............(..o@≈≈≈≈≈..
..........≈≈≈...@a..≈≈≈..
.........≈≈≈≈≈.ooo.......
.........≈≈≈≈≈..........
.........≈≈≈≈≈..........
..........≈≈≈.......(...
............[...)....(.
...................J..
.................>.>.
............ .(.


You could see a jelly, a worker ant, an orc wizard, 3 orcs and a neutral freed
slave (wandering).

Vanquished Creatures
  Pikel (D:4)
  2 orc priests
  Ijyb (D:2)
  Terence (D:2)
  9 adders
  An ooze (D:3)
  4 orcs
  A ball python (D:1)
  3 giant cockroaches
  5 hobgoblins
  6 jackals
  5 kobolds
  2 quokkas (D:2)
  9 bats
  2 giant geckos
  A giant newt (D:4)
  9 goblins
  5 rats
67 creatures vanquished.

Notes
Turn   | Place    | Note
--------------------------------------------------------------
     0 | D:1      | Malachi, the Ogre Hunter, began the quest for the Orb.
     0 | D:1      | Reached XP level 1. HP: 20/20 MP: 0/0
   203 | D:1      | Reached XP level 2. HP: 15/28 MP: 1/1
  1065 | D:2      | Reached skill level 5 in Throwing
  1065 | D:2      | Reached XP level 3. HP: 36/36 MP: 2/2
  1068 | D:2      | Noticed Ijyb
  1085 | D:2      | Killed Ijyb
  1262 | D:2      | Reached XP level 4. HP: 42/44 MP: 3/3
  1307 | D:2      | Noticed Terence
  1329 | D:2      | Killed Terence
  2800 | D:3      | Reached XP level 5. HP: 52/52 MP: 4/4
  3042 | D:3      | HP: 2/52 [poisoned by an adder]
  3511 | D:4      | Noticed Pikel
  3511 | D:4      | Noticed a slave
  3512 | D:4      | Found a staircase to the Ecumenical Temple.
  3512 | D:4      | Noticed a slave
  3513 | D:4      | Noticed a slave
  3514 | D:4      | Noticed a slave
  3517 | D:4      | Killed Pikel
  3517 | D:4      | Reached skill level 5 in Dodging
  3517 | D:4      | Reached XP level 6. HP: 48/61 MP: 5/5
  3517 | D:4      | Reached XP level 7. HP: 52/67 MP: 6/6
  3551 | Temple   | Entered the Ecumenical Temple
  3671 | Temple   | Became a worshipper of Warmaster Okawaru
  3742 | D:4      | Slain by an orc

Action                   |  1- 3 |  4- 6 |  7- 9 || total
-------------------------+-------+-------+-------++-------
Melee: Club              |    88 |    69 |       ||   157
       Flail             |       |    22 |       ||    22
       Morningstar       |       |    35 |     6 ||    41
Throw: Large rock        |     6 |    20 |     4 ||    30
       Throwing net      |       |     1 |       ||     1
Evoke: Wand              |       |     4 |       ||     4
  Use: Potion            |       |     2 |     1 ||     3
 Stab: Sleeping          |     2 |       |       ||     2
